 Dungeon Crawl Stone Soup version 0.30-a0-4-ga7cffc901d (webtiles) character file.

Game seed: 17596736600007617833

3 Setbun the Cutter (level 1, 0/14 HPs)
             Began as a Kobold Berserker on Aug 20, 2022.
             Was a Follower of Trog.
             Slain by a frilled lizard (1 damage)
             ... on level 1 of the Dungeon.
             The game lasted 00:00:16 (109 turns).

Setbun the Cutter (Kobold Berserker)                 Turns: 109, Time: 00:00:17

Health: 0/14       AC:  2    Str: 14    XL:     1   Next: 55%
Magic:  1/1        EV: 14    Int:  8    God:    Trog [*.....]
Gold:   0          SH:  0    Dex: 14    Spells: 0/0 levels left

rFire   . . .      SeeInvis .    a - +0 short sword
rCold   . . .      Faith    .    (no shield)
rNeg    . . .      Spirit   .    b - +0 animal skin
rPois   .          Reflect  .    (no helmet)
rElec   .          Harm     .    (no cloak)
rCorr   .          Rampage  .    (no gloves)
Will    .....                    (no boots)
Stlth   ++........               (no amulet)
HPRegen 0.04/turn                (no ring)
MPRegen 0.07/turn                (no ring)

@: no status effects
A: small, no large weapons, nightstalker 3
a: Renounce Religion, Berserk


You were on level 1 of the Dungeon.
You worshipped Trog.
Trog was aware of your devotion.
You visited 1 branch of the dungeon, and saw 1 of its levels.

Inventory:

Hand Weapons
 a - a +0 short sword (weapon)
Armour
 b - a +0 animal skin (worn)
Potions
 c - a potion of magic {unknown}
 d - a potion of curing {unknown}


   Skills:
 + Level 3.4 Fighting
 + Level 4.1 Short Blades
 - Level 1.5 Armour
 - Level 2.4 Dodging


You couldn't memorise any spells.
You didn't know any spells.
Your spell library was empty.

Dungeon Overview and Level Annotations

Branches:
Dungeon (1/15)

Altars:


Innate Abilities, Weirdness & Mutations

You are small and have problems with some larger weapons.
You are completely attuned to the shadows.


Message History

The hobgoblin is moderately wounded.
The hobgoblin hits you. The frilled lizard closely misses you.
You hit the hobgoblin.
The hobgoblin is heavily wounded.
The hobgoblin hits you. The frilled lizard barely misses you.
You are too injured to fight recklessly!
You are too injured to fight recklessly!
You are too injured to fight recklessly!
You are too injured to fight recklessly!
You are too injured to fight recklessly!
You are too injured to fight recklessly!
You are too injured to fight recklessly!
You are too injured to fight recklessly!
You are too injured to fight recklessly!
You are too injured to fight recklessly!
You are too injured to fight recklessly!
You are too injured to fight recklessly!
You are too injured to fight recklessly!
You are too injured to fight recklessly!
You are too injured to fight recklessly!
You are too injured to fight recklessly!
You are too injured to fight recklessly!
You are too injured to fight recklessly!
You are too injured to fight recklessly!
You are too injured to fight recklessly!
You closely miss the hobgoblin.
The hobgoblin is heavily wounded.
The frilled lizard bites you but does no damage.
The hobgoblin hits you.
You hit the hobgoblin.
The hobgoblin is severely wounded.
The frilled lizard bites you.
* * * LOW HITPOINT WARNING * * *
The hobgoblin barely misses you.
You closely miss the hobgoblin.
The hobgoblin is severely wounded.
The hobgoblin hits you.
* * * LOW HITPOINT WARNING * * *
The frilled lizard bites you.
You die...

#.#...... #.#.#####
.. #........ ... .
#...##.## ..#. ..#
#........ #.###.#
#....#.#.
#..=#.###......#.
#.###.#.#..........##
...g@#......#.#......
#.#.#l###.....#.#..##
#!..#.....#.#.#....
###.#.##....#.#.###
+....>..........
..#...........##.
..#.### ##.#.###
#.#.### # #.#.#


You could see a hobgoblin and a frilled lizard.

Vanquished Creatures
  An endoplasm (D:1)
  A kobold (D:1)
  A rat (D:1)
3 creatures vanquished.

Notes
Turn   | Place    | Note
-------+----------+-------------------------------------------
     0 | D:1      | Setbun the Kobold Berserker began the quest for the Orb.
     0 | D:1      | Reached XP level 1. HP: 14/14 MP: 1/1
   109 | D:1      | Slain by a frilled lizard

Illustrated notes

Levels and vault maps discovered:
D:1:      dpeg_arrival_long_road, layout_basic, minmay_pentomino_v4

Action                   || total
-------------------------++-------
Melee: Short sword       ||    16
 Stab: Sleeping          ||     1
Armor: Animal skin       ||     2
Dodge: Dodged            ||    13

Table legend: (Time is in decaauts)
 A = Elapsed time spent in this place.
 B = Non-inter-level travel time spent in this place.
 C = Inter-level travel time spent in this place.
 D = Time resting spent in this place.
 E = Time spent auto-exploring this place.
 F = Levels seen in this place.
 G = Mean time per level.
                   A        B        C        D        E       F      G
               +--------+--------+--------+--------+--------+-----+--------+
         Total |    107 |    107 |      0 |      0 |     80 |   1 |  107.0 |
       Dungeon |    107 |    107 |      0 |      0 |     80 |   1 |  107.0 |
               +--------+--------+--------+--------+--------+-----+--------+

Top non-repeatable levels by time:
     D:1: 107 daAuts
